 Dungeon Crawl Stone Soup version 0.29-a0-830-gcb1280458a (webtiles) character file.

Game seed: 1940599871611725024

23 Riddle the Shield-Bearer (level 2, -2/29 HPs)
             Began as a Troll Fighter on July 12, 2022.
             Killed from afar by Natasha (7 damage)
             ... with a magic dart
             ... on level 2 of the Dungeon.
             The game lasted 00:00:51 (424 turns).

Riddle the Shield-Bearer (Troll Fighter)             Turns: 424, Time: 00:00:51

Health: -2/29      AC:  4    Str: 23    XL:     2   Next: 75%
Magic:  1/1        EV:  8    Int:  4    God:
Gold:   86         SH:  7    Dex:  9    Spells: 1/1 levels left

rFire   . . .      SeeInvis .     - Unarmed
rCold   . . .      Faith    .   b - +0 kite shield
rNeg    . . .      Spirit   .   a - +0 robe
rPois   .          Reflect  .   (helmet restricted)
rElec   .          Harm     .   (no cloak)
rCorr   .          Rampage  .   (gloves unavailable)
Will    .....                   (boots unavailable)
Stlth   +.........              (no amulet)
HPRegen 0.89/turn               (no ring)
MPRegen 0.07/turn               (no ring)

@: no status effects
A: large, unfitting armour, claws 3, regeneration 1, shaggy fur 1, tough skin 1
a: no special abilities


You were on level 2 of the Dungeon.
You visited 1 branch of the dungeon, and saw 2 of its levels.

You collected 86 gold pieces.

Inventory:

Armour
 a - a +0 robe (worn)
 b - a +0 kite shield (worn)
Wands
 g - a wand of flame (13)
Scrolls
 d - a scroll of enchant weapon {unknown}
 e - a scroll of silence {unknown}
Potions
 c - a potion of might
 f - a potion of brilliance {unknown}


   Skills:
 + Level 2.6 Fighting
 + Level 2.6 Dodging
 + Level 3.0 Shields
 + Level 2.3 Unarmed Combat


You had one spell level left.
You didn't know any spells.
Your spell library contained the following spells:

 Spells                   Type           Power      Damage    Failure   Level
 Magic Dart               Conj           0%         1d3       80%         1
 Call Imp                 Summ           0%         N/A       90%         2
 Mephitic Cloud           Conj/Pois/Air  0%         N/A       99%         3


Dungeon Overview and Level Annotations

Branches:
Dungeon (2/15)

Altars:

Annotations:
D:2 Natasha


Innate Abilities, Weirdness & Mutations

You are too large for most types of armour.
You have claws for hands.
Your natural rate of healing is unusually fast.
You are covered in fur. (AC +1)
You have tough skin. (AC +1)


Message History

You are too injured to fight recklessly!
You are too injured to fight recklessly!
Natasha is nearby!
Unknown command.
You are too injured to fight recklessly!
You are too injured to fight recklessly!
Natasha is nearby!
Unknown command.
You are too injured to fight recklessly!
You are too injured to fight recklessly!
Natasha is nearby!
Unknown command.
You are too injured to fight recklessly!
You are too injured to fight recklessly!
Natasha is nearby!
Unknown command.
You are too injured to fight recklessly!
You are too injured to fight recklessly!
Natasha is nearby!
Unknown command.
You are too injured to fight recklessly!
You are too injured to fight recklessly!
Natasha is nearby!
Unknown command.
You are too injured to fight recklessly!
You are too injured to fight recklessly!
Natasha is nearby!
Unknown command.
Unknown command.
You scratch Natasha.
Natasha is lightly wounded.
Natasha claws you.
* * * LOW HITPOINT WARNING * * *
Unknown command.
Okay, then.
Unknown command.
Okay, then.
Natasha casts a spell at you. The magic dart hits you!
You die...

#.. ##.# #..# ##### ..#
#... #.# ##.# ## #.###..#
.
##..##......##########..
#....h.......<..........
#...###.@....####....####
# #............##.## #
##......#######..# .
##.....# ##.##. #.....#
#..#. #.....# ##...
..##### #.## .## ####.##
#......


You could see Natasha (resistant).

Vanquished Creatures
  3 endoplasms (D:1)
  A giant cockroach (D:1)
  4 hobgoblins
  A kobold (D:1)
  A quokka (D:1)
  3 ball pythons (D:1)
  4 bats (D:1)
  2 frilled lizards (D:1)
  A goblin (D:1)
  A rat (D:1)
21 creatures vanquished.

Notes
Turn   | Place    | Note
-------+----------+-------------------------------------------
     0 | D:1      | Riddle the Troll Fighter began the quest for the Orb.
     0 | D:1      | Reached XP level 1. HP: 22/22 MP: 0/0
   162 | D:1      | Reached XP level 2. HP: 27/29 MP: 1/1
   324 | D:1      | Reached skill level 3 in Shields
   415 | D:2      | Noticed Natasha
   424 | D:2      | Killed from afar by Natasha

Illustrated notes

Levels and vault maps discovered:
D:1:      amcnicky_arrival_abandoned_market, layout_rooms
D:2:      layout_rooms, serial_shops, shop,
          shapermc_ecumenical_altar_mp_urbaneastern, minmay_shallow_snake_nest,
          uniq_natasha, uniq_crazy_yiuf_cottage, uniq_terence

Skill      XL: |  1  2 |
---------------+-------+-----
Shields        | 3 |  3.0
Fighting       | |  2.6
Dodging        | |  2.6
Unarmed Combat | |  2.3

Action                   || total
-------------------------++-------
Melee: Unarmed           ||    56
Armor: Robe              ||    16
Dodge: Dodged            ||    17
Block: Kite shield       ||    20

Table legend: (Time is in decaauts)
 A = Elapsed time spent in this place.
 B = Non-inter-level travel time spent in this place.
 C = Inter-level travel time spent in this place.
 D = Time resting spent in this place.
 E = Time spent auto-exploring this place.
 F = Levels seen in this place.
 G = Mean time per level.
                   A        B        C        D        E       F      G
               +--------+--------+--------+--------+--------+-----+--------+
         Total |    429 |    412 |     17 |      0 |    273 |   2 |  214.5 |
       Dungeon |    429 |    412 |     17 |      0 |    273 |   2 |  214.5 |
               +--------+--------+--------+--------+--------+-----+--------+

Top non-repeatable levels by time:
     D:1: 383 daAuts
     D:2: 46 daAuts
